AoeStats
← s31415

Arena

510376037Analyzed
1v1 RM · 1d ago on Sep 30, 2026· 72m 29s· 2 players
Game mode
Random Map
Map size
Tiny (2 player)
Population
200
Speed
Normal
Resources
Standard
Victory
Conquest
Starting age
Dark Age
Ending age
Imperial Age
RankedLock teamsTeams togetherTeam positionsShared explorationLock speedFull tech treeHidden civsTurbo modeCheats
Victory
Defeat
🇨🇴 Huns · Colombia
862
+14
🇭🇺 Turks · Hungary
827
-14
s31415
7:15 Loom
9:16 Feudal Age
9:46 Double-Bit Axe
14:24 Loom
17:22 Castle Age
15:35 Horse Collar
16:21 Gold Mining
19:03 Wheelbarrow
18:50 Bow Saw
23:33 Stone Mining
24:05 Heavy Plow
26:52 Hand Cart
27:48 Gold Shaft Mining
32:17 Imperial Age
30:51 Forging
30:47 Scale Barding Armor
31:48 Fortified Wall
31:58 Ballistics
31:29 Town Watch
33:51 Bloodlines
34:33 Town Patrol
35:12 Iron Casting
34:28 Fletching
34:59 Chain Barding Armor
36:02 Conscription
37:21 Two-Man Saw
38:17 Hoardings
44:10 Husbandry
50:55 Blast Furnace
50:30 Plate Barding Armor
49:54 Bodkin Arrow
51:33 Heavy Camel Rider
56:44 Plate Barding Armor
65:03 Artillery
opkayle79
7:32 Loom
9:51 Feudal Age
10:19 Double-Bit Axe
11:46 Wheelbarrow
17:48 Castle Age
15:48 Horse Collar
16:48 Town Watch
17:15 Fletching
17:32 Scale Barding Armor
18:41 Bow Saw
25:47 Ballistics
30:31 Bodkin Arrow
35:33 Imperial Age
33:13 Gold Mining
33:15 Stone Mining
34:00 Chain Barding Armor
34:27 Padded Archer Armor
36:10 Leather Archer Armor
36:41 Conscription
37:46 Chemistry
36:49 Bracer
37:24 Plate Barding Armor
37:30 Plate Barding Armor
38:01 Parthian Tactics
38:39 Heavy Cavalry Archer
42:19 Marauders
42:32 Forging
42:19 Elite Tarkan
43:49 Iron Casting
44:10 Bloodlines
44:00 Husbandry
45:40 Blast Furnace
54:05 Elite Skirmisher
57:49 Pikeman
58:29 Squires
58:15 Arson
58:32 Scale Mail Armor
58:54 Halberdier
63:11 Hand Cart
Connection lost

Rejoining the realm…

Still unreachable

The connection could not be restored.

Session expired

The server has moved on; the page needs a fresh start.